| TOP OF THE 1ST |
|
Houston Astros batting - Pitching for Los Angeles Angels : LHP Manny Rosales
|
|
Pitching: LHP Manny Rosales
|
|
|
Batting: RHB Carlos Diaz
|
0-0: Ball 1-0: Ball 2-0: Fly out, F9 (Flyball, 9S, EV 86.3 MPH)
|
|
Batting: LHB Mario Alvarado
|
0-0: Ball 1-0: Ball 2-0: Ball 3-0: Called Strike 3-1: Called Strike 3-2: SINGLE (Flyball, 7, EV 96.9 MPH)
|
|
Batting: RHB Dimas Chamissa
|
0-0: Ball 1-0: Swinging Strike 1-1: Foul Ball, location: 5F 1-2: DOUBLE (Flyball, 78XD, EV 112.5 MPH) Mario Alvarado to third
|
|
Batting: RHB David Musquiz
|
0-0: Ball 1-0: Called Strike 1-1: Called Strike 1-2: Ball 2-2: SINGLE (Groundball, 6MD, EV 104.4 MPH) Mario Alvarado scores Dimas Chamissa to third
|
|
Batting: LHB Paul Bown
|
0-0: Called Strike 0-1: Ball 1-1: Swinging Strike 1-2: Foul Ball, location: 3DF 1-2: Fly out, F8 (Flyball, 8RD, EV 103.1 MPH) Runner from 3rd tags up, SCORES, no throw by CF
|
|
Batting: RHB Grant Goff
|
0-0: Ball 1-0: Foul Ball, location: 2LF 1-1: Ball 2-1: Foul Ball, location: 9LDF 2-2: Foul Ball, location: 5F 2-2: Foul Ball, location: 2F 2-2: Strikes out swinging
|
| Top of the 1st over - 2 runs, 3 hits, 0 errors, 1 left on base; Houston 2 - Los Angeles 0 |
| BOTTOM OF THE 1ST |
|
Los Angeles Angels batting - Pitching for Houston Astros : RHP Jim Grangroth
|
|
Pitching: RHP Jim Grangroth
|
|
|
Batting: RHB Josh McCallister
|
0-0: Foul Ball, location: 9LSF 0-1: Ball 1-1: Called Strike 1-2: Strikes out looking
|
|
Batting: RHB Matt Martinez
|
0-0: Ball 1-0: Foul Ball, location: 2F 1-1: Swinging Strike 1-2: Fly out, F8 (Flyball, 8RM, EV 97.5 MPH)
|
|
Batting: SHB Eddie Saldana
|
0-0: Ground out U3 (Groundball, 3L, EV 102.5 MPH)
|
| Bottom of the 1st over - 0 runs, 0 hits, 0 errors, 0 left on base; Houston 2 - Los Angeles 0 |
| TOP OF THE 2ND |
|
Houston Astros batting - Pitching for Los Angeles Angels : LHP Manny Rosales
|
|
Batting: RHB Jason Schroeder
|
0-0: Ball 1-0: Ball 2-0: Fly out, F3 (Popup, 3L, EV 71.9 MPH)
|
|
Batting: RHB Billy Mejia
|
0-0: SINGLE (Flyball, 3D, EV 89.4 MPH)
|
|
Batting: RHB Kevin Harvey
|
0-0: Foul Ball, location: 2F 0-1: Foul Ball, location: 2F 0-2: Ball 1-2: Fly out, F8 (Flyball, 8LXD, EV 93.8 MPH)
|
|
Batting: RHB Carlos Diaz
|
0-0: Called Strike 0-1: Ball 1-1: SINGLE (Line Drive, 6MD, EV 94.4 MPH) Billy Mejia to second Runner from 2nd tries for 3rd, SAFE, throw by CF made to third
|
|
Pitching: RHP Chad Taylor
|
|
|
Batting: LHB Mario Alvarado
|
0-0: Ball 1-0: SINGLE (Groundball, 34D, EV 95.6 MPH) Billy Mejia scores Carlos Diaz to second Runner from 2nd tries for 3rd, SAFE, throw by RF made to third
|
|
Batting: RHB Dimas Chamissa
|
0-0: Swinging Strike 0-1: Ball 1-1: Foul Ball, location: 2F 1-2: Fly out, F8 (Flyball, 89XD, EV 92.5 MPH)
|
| Top of the 2nd over - 1 run, 3 hits, 0 errors, 2 left on base; Houston 3 - Los Angeles 0 |
| BOTTOM OF THE 2ND |
|
Los Angeles Angels batting - Pitching for Houston Astros : RHP Jim Grangroth
|
|
Batting: LHB Joey Middleton
|
0-0: Called Strike 0-1: Ball 1-1: Ball 2-1: Foul Ball, location: 2F 2-2: Ball 3-2: Fly out, F9 (Flyball, 9LS, EV 88.1 MPH)
|
|
Batting: RHB Ben Abbott
|
0-0: Ball 1-0: Ball 2-0: Called Strike 2-1: TRIPLE (Line Drive, 8RXD, EV 100.6 MPH)
|
|
Batting: RHB Gary Reeves
|
0-0: Called Strike 0-1: Ball 1-1: SINGLE (Line Drive, 8LS, EV 80.6 MPH) Ben Abbott scores
|
|
Batting: RHB Mario Sandoval
|
0-0: Ball 1-0: Foul Ball, location: 3SF 1-1: Foul Ball, location: 2F 1-2: Ball 2-2: Ground out 5-3 (Groundball, 56S, EV 68.1 MPH) Gary Reeves to second
|
|
Batting: RHB Chris Ward
|
0-0: Ball 1-0: Ball 2-0: SINGLE (Line Drive, 78M, EV 94.4 MPH) Gary Reeves to third Runner from 3rd tries for Home, SAFE, throw by CF to home
|
|
Batting: RHB Corey Van Hoose
|
0-0: Called Strike 0-1: Ball 1-1: Swinging Strike 1-2: Strikes out looking
|
| Bottom of the 2nd over - 2 runs, 3 hits, 0 errors, 1 left on base; Houston 3 - Los Angeles 2 |
| TOP OF THE 3RD |
|
Houston Astros batting - Pitching for Los Angeles Angels : RHP Chad Taylor
|
|
Pitching: RHP Ben Hoffner
|
|
|
Batting: RHB David Musquiz
|
0-0: Ball 1-0: Ball 2-0: Swinging Strike 2-1: Foul Ball, location: 25F 2-2: Foul Ball, location: 2F 2-2: Ball 3-2: Strikes out looking
|
|
Batting: LHB Paul Bown
|
0-0: Swinging Strike 0-1: Called Strike 0-2: Ground out U3 (Groundball, 3L, EV 106.3 MPH)
|
|
Batting: RHB Grant Goff
|
0-0: Ball 1-0: Fly out, F5 (Popup, 5F, EV 73.1 MPH)
|
| Top of the 3rd over - 0 runs, 0 hits, 0 errors, 0 left on base; Houston 3 - Los Angeles 2 |
| BOTTOM OF THE 3RD |
|
Los Angeles Angels batting - Pitching for Houston Astros : RHP Jim Grangroth
|
|
Batting: RHB Josh McCallister
|
0-0: Ball 1-0: Called Strike 1-1: Ball 2-1: Swinging Strike 2-2: Fly out, F8 (Flyball, 8RS, EV 86.9 MPH)
|
|
Batting: RHB Matt Martinez
|
0-0: SINGLE (Line Drive, 89S, EV 89.4 MPH)
|
|
Batting: SHB Eddie Saldana
|
0-0: Fly out, F7 (Flyball, 78M, EV 97.5 MPH)
|
|
Pitching: RHP Arturo Ventura
|
|
|
Batting: LHB Joey Middleton
|
0-0: Fielders Choice at 2nd, 5-4 (Groundball, 56, EV 89.4 MPH)
|
| Bottom of the 3rd over - 0 runs, 1 hit, 0 errors, 1 left on base; Houston 3 - Los Angeles 2 |
| TOP OF THE 4TH |
|
Houston Astros batting - Pitching for Los Angeles Angels : RHP Ben Hoffner
|
|
Batting: RHB Jason Schroeder
|
0-0: Ball 1-0: Ball 2-0: SINGLE (Groundball, 34, EV 108.8 MPH)
|
|
Batting: RHB Billy Mejia
|
0-0: Ball 1-0: Ball 2-0: Swinging Strike 2-1: Swinging Strike 2-2: Ball 3-2: Strikes out swinging
|
|
Batting: RHB Kevin Harvey
|
0-0: Called Strike 0-1: Ball 1-1: Ball 2-1: Ground out 6-3 (Groundball, 6, EV 65.6 MPH) Jason Schroeder to second
|
|
Pinch Hitting: RHB Rich Weston
|
0-0: Ball 1-0: Foul Ball, location: 25F 1-1: Foul Ball, location: 5FF 1-2: Foul Ball, location: 23F 1-2: Ball 2-2: SINGLE (Line Drive, 9, EV 105.6 MPH) Jason Schroeder to third Runner from 3rd tries for Home, SAFE, throw by RF to home
|
|
Pinch Hitting: RHB R.J. Lower
|
0-0: Called Strike 0-1: Ball 1-1: Ball 2-1: Swinging Strike 2-2: Fly out, F8 (Line Drive, 8LS, EV 94.4 MPH)
|
| Top of the 4th over - 1 run, 2 hits, 0 errors, 1 left on base; Houston 4 - Los Angeles 2 |
| BOTTOM OF THE 4TH |
|
Los Angeles Angels batting - Pitching for Houston Astros : RHP Arturo Ventura
|
|
Pitching: LHP Gus Alba
|
|
|
Now at 1B: Rich Weston
|
|
|
Now at 3B: R.J. Lower
|
|
|
Batting: RHB Ben Abbott
|
0-0: Called Strike 0-1: Foul Ball, location: 7LSFF 0-2: Ball 1-2: Ground out 4-3 (Groundball, 4, EV 100.6 MPH)
|
|
Batting: RHB Gary Reeves
|
0-0: Ball 1-0: Ball 2-0: Foul Ball, location: 2F 2-1: Ball 3-1: Base on Balls
|
|
Batting: RHB Mario Sandoval
|
0-0: Grounds into double play, 1-6-3 (Groundball, 13, EV 64.4 MPH)
|
| Bottom of the 4th over - 0 runs, 0 hits, 0 errors, 0 left on base; Houston 4 - Los Angeles 2 |
| TOP OF THE 5TH |
|
Houston Astros batting - Pitching for Los Angeles Angels : RHP Ben Hoffner
|
|
Pitching: RHP Jimmy Powell
|
|
|
Now at 1B: Allan Chapman
|
|
|
Now at SS: Jon Regalado
|
|
|
Now in LF: Aaron Blyth
|
|
|
Now in CF: Bill Gadsden
|
|
|
Pinch Hitting: RHB Raul Romero
|
0-0: Fly out, F9 (Line Drive, 9, EV 85.6 MPH)
|
|
Batting: RHB David Musquiz
|
0-0: Ball 1-0: Called Strike 1-1: DOUBLE (Flyball, 8RXD, EV 100.0 MPH)
|
|
Pinch Hitting: RHB Tommy Starnes
|
0-0: Ball 1-0: SINGLE (Line Drive, 78M, EV 93.1 MPH) David Musquiz to third
|
|
Batting: LHB Gilberto Frausto
|
0-0: Ball 1-0: Ball 2-0: Ball 3-0: Base on Balls Tommy Starnes to second
|
|
Pinch Hitting: SHB Diego Barrera
|
0-0: Called Strike 0-1: Foul Ball, location: 9LMF 0-2: Strikes out swinging
|
|
Pinch Hitting: RHB Elza Gravito
|
0-0: Called Strike 0-1: Called Strike 0-2: Fly out, F8 (Flyball, 8RM, EV 86.9 MPH)
|
| Top of the 5th over - 0 runs, 2 hits, 0 errors, 3 left on base; Houston 4 - Los Angeles 2 |
| BOTTOM OF THE 5TH |
|
Los Angeles Angels batting - Pitching for Houston Astros : LHP Gus Alba
|
|
Pitching: RHP Yao-pang Yun
|
|
|
Now at C: Luis Rodriguez
|
|
|
Now at 2B: Elza Gravito
|
|
|
Now at 3B: Matt Bliss
|
|
|
Now at SS: R.J. Lower
|
|
|
Now in LF: Tommy Starnes
|
|
|
Now in CF: Raul Romero
|
|
|
Now in RF: Diego Barrera
|
|
|
Pinch Hitting: SHB Jason Lupa
|
0-0: Ball 1-0: Foul Ball, location: 9LMF 1-1: Fly out, F9 (Line Drive, 9S, EV 101.9 MPH)
|
|
Batting: RHB Corey Van Hoose
|
0-0: Called Strike 0-1: Hit by Pitch
|
|
Batting: RHB Allan Chapman
|
0-0: Foul Ball, location: 3SF 0-1: Called Strike 0-2: Grounds into double play, 6-4-3 (Groundball, 6, EV 106.9 MPH)
|
| Bottom of the 5th over - 0 runs, 0 hits, 0 errors, 0 left on base; Houston 4 - Los Angeles 2 |
| TOP OF THE 6TH |
|
Houston Astros batting - Pitching for Los Angeles Angels : RHP Jimmy Powell
|
|
Pitching: RHP Joey Shelton
|
|
|
Now at C: Eddie Agee
|
|
|
Now at 2B: Jason Lupa
|
|
|
Now at 3B: Jerry Algerio
|
|
|
Now in RF: Eduard Brandt
|
|
|
Batting: RHB Matt Bliss
|
0-0: Fly out, F6 (Line Drive, 6D, EV 62.5 MPH)
|
|
Batting: RHB Rich Weston
|
0-0: Called Strike 0-1: Ball 1-1: Swinging Strike 1-2: Strikes out swinging
|
|
Batting: RHB R.J. Lower
|
0-0: Ground out 4-3 (Groundball, 4, EV 90.6 MPH)
|
| Top of the 6th over - 0 runs, 0 hits, 0 errors, 0 left on base; Houston 4 - Los Angeles 2 |
| BOTTOM OF THE 6TH |
|
Los Angeles Angels batting - Pitching for Houston Astros : RHP Yao-pang Yun
|
|
Pitching: LHP David Muacho
|
|
|
Batting: RHB Jerry Algerio
|
0-0: Called Strike 0-1: Ball 1-1: Ball 2-1: Ball 3-1: Foul Ball, location: 9LMF 3-2: Base on Balls
|
|
Batting: RHB Eduard Brandt
|
0-0: Foul Ball, location: 5FF 0-1: Foul Ball, location: 9LDF 0-2: Ball 1-2: Strikes out looking
|
|
Batting: RHB Mike Travis
|
0-0: Foul Ball, location: 2F 0-1: Ball 1-1: Ball 2-1: Ball 3-1: SINGLE (Groundball, 4MD, EV 98.1 MPH) Jerry Algerio to second
|
|
Batting: RHB Bill Gadsden
|
0-0: Ball 1-0: Called Strike 1-1: Called Strike 1-2: Ball 2-2: Ball 3-2: SINGLE (Flyball, 8RS, EV 90.0 MPH) Jerry Algerio to third Mike Travis to second
|
|
Batting: RHB Jon Regalado
|
0-0: Called Strike 0-1: Foul Ball, location: 2F 0-2: SINGLE (Line Drive, 34D, EV 107.5 MPH) Jerry Algerio scores Mike Travis to third Bill Gadsden to second Runner from 3rd tries for Home, SAFE, throw by RF to home
|
|
Batting: LHB Aaron Blyth
|
0-0: Called Strike 0-1: SINGLE (Flyball, 89S, EV 98.1 MPH) Bill Gadsden to third Jon Regalado to second
|
|
Batting: SHB Jason Lupa
|
0-0: Ball 1-0: Ball 2-0: SINGLE (Groundball, 4D, EV 105.6 MPH) Bill Gadsden scores Jon Regalado to third Aaron Blyth to second Runner from 3rd tries for Home, SAFE, throw by CF to home Aaron Blyth to third Jason Lupa to second
|
|
Pitching: RHP Bill Pavek
|
|
|
Batting: RHB Eddie Agee
|
0-0: Called Strike 0-1: Ball 1-1: Ball 2-1: Called Strike 2-2: Strikes out swinging
|
|
Batting: RHB Allan Chapman
|
0-0: Foul Ball, location: 23F 0-1: Ball 1-1: Swinging Strike 1-2: Strikes out swinging
|
| Bottom of the 6th over - 4 runs, 5 hits, 0 errors, 2 left on base; Houston 4 - Los Angeles 6 |
| TOP OF THE 7TH |
|
Houston Astros batting - Pitching for Los Angeles Angels : RHP Joey Shelton
|
|
Pitching: RHP Tom Ellis
|
|
|
Pinch Hitting: LHB Ruben Nolasco
|
0-0: Foul Ball, location: 5F 0-1: Ball 1-1: Ball 2-1: Ball 3-1: DOUBLE (Line Drive, 78D, EV 103.8 MPH)
|
|
Batting: RHB Luis Rodriguez
|
0-0: Ground out 5-3 (Groundball, 56, EV 103.1 MPH) Ruben Nolasco to third
|
|
Pinch Hitting: LHB Alex Buelna
|
0-0: Ball 1-0: Called Strike 1-1: Foul Ball, location: 3FF 1-2: Strikes out looking
|
|
Pitching: LHP Eddie Shipman
|
|
|
Batting: RHB Alex Ybarra
|
0-0: Called Strike 0-1: Fly out, F8 (Flyball, 8RD, EV 100.0 MPH)
|
| Top of the 7th over - 0 runs, 1 hit, 0 errors, 1 left on base; Houston 4 - Los Angeles 6 |
| BOTTOM OF THE 7TH |
|
Los Angeles Angels batting - Pitching for Houston Astros : RHP Bill Pavek
|
|
Pitching: RHP Bobby Bron
|
|
|
Now in LF: Jesus Aguilar
|
|
|
Now in CF: Ruben Nolasco
|
|
|
Batting: RHB Jerry Algerio
|
0-0: Fly out, F9 (Flyball, 89S, EV 95.6 MPH)
|
|
Batting: RHB Eduard Brandt
|
0-0: Swinging Strike 0-1: Ball 1-1: Fly out, F7 (Flyball, 78M, EV 93.1 MPH)
|
|
Batting: RHB Mike Travis
|
0-0: Ground out U3 (Groundball, 34, EV 81.9 MPH)
|
| Bottom of the 7th over - 0 runs, 0 hits, 0 errors, 0 left on base; Houston 4 - Los Angeles 6 |
| TOP OF THE 8TH |
|
Houston Astros batting - Pitching for Los Angeles Angels : LHP Eddie Shipman
|
|
Pitching: RHP Jose Velazquez
|
|
|
Batting: SHB Diego Barrera
|
0-0: Ball 1-0: SINGLE (Groundball, 6MS, EV 83.8 MPH)
|
|
Pinch Hitting: LHB Edwin Oliva
|
0-0: Ball 1-0: Foul Ball, location: 2RF 1-1: SINGLE (Groundball, 34D, EV 95.0 MPH) Diego Barrera to second Runner from 2nd tries for 3rd, SAFE, throw by RF made to third
|
|
Batting: RHB Matt Bliss
|
0-0: Swinging Strike 0-1: Ball 1-1: Ball Pickoff Throw by Catcher to First - Error! E2 Diego Barrera scores Edwin Oliva to second 2-1: Foul Ball, location: 7LDF 2-2: Strikes out swinging
|
|
Pinch Hitting: RHB Marty Moore
|
0-0: Foul Ball, location: 9LMF 0-1: Ball 1-1: Foul Ball, location: 7LMF 1-2: Fly out, F7 (Line Drive, 7, EV 93.8 MPH)
|
|
Pinch Hitting: SHB Chris Miller
|
0-0: Called Strike 0-1: Foul Ball, location: 7LMF 0-2: Strikes out swinging
|
| Top of the 8th over - 1 run, 2 hits, 1 error, 1 left on base; Houston 5 - Los Angeles 6 |
| BOTTOM OF THE 8TH |
|
Los Angeles Angels batting - Pitching for Houston Astros : RHP Bobby Bron
|
|
Now at 1B: Marty Moore
|
|
|
Now at 2B: Pedro Pena
|
|
|
Now at 3B: Chris Miller
|
|
|
Now at SS: Matt Bliss
|
|
|
Batting: RHB Bill Gadsden
|
0-0: Foul Ball, location: 2RF 0-1: Ball 1-1: Ball 2-1: Ball 3-1: Base on Balls
|
|
Batting: RHB Jon Regalado
|
0-0: Sac Bunt to 15 - play at second, runner safe!
|
|
Pitching: LHP Mike Belliveau
|
|
|
Batting: LHB Aaron Blyth
|
0-0: Ball 1-0: Ball 2-0: Called Strike 2-1: Called Strike 2-2: Strikes out swinging
|
|
Pinch Hitting: RHB Andy Chiera
|
0-0: Fly out, F8 (Flyball, 8RXD, EV 96.3 MPH)
|
|
Batting: RHB Eddie Agee
|
0-0: Ball 1-0: Called Strike 1-1: SINGLE (Line Drive, 5D, EV 93.8 MPH) Bill Gadsden to third Jon Regalado to second Runner from 3rd tries for Home, SAFE, throw by LF to home
|
|
Pitching: RHP Luis Urias
|
|
|
Pinch Hitting: RHB Bobby Canales
|
0-0: Ball 1-0: Ball 2-0: Foul Ball, location: 2F 2-1: Foul Ball, location: 2F 2-2: Fielders Choice at 2nd, 5-4 (Groundball, 56, EV 105.0 MPH)
|
| Bottom of the 8th over - 1 run, 1 hit, 0 errors, 2 left on base; Houston 5 - Los Angeles 7 |
| TOP OF THE 9TH |
|
Houston Astros batting - Pitching for Los Angeles Angels : RHP Jose Velazquez
|
|
Pitching: RHP John Stark
|
|
|
Now at 1B: Bobby Canales
|
|
|
Now at 2B: Jon Regalado
|
|
|
Now at SS: Dave Brunner
|
|
|
Batting: LHB Ruben Nolasco
|
0-0: Called Strike 0-1: Foul Ball, location: 7LSF 0-2: Ball 1-2: Ball 2-2: Strikes out swinging
|
|
Pinch Hitting: SHB Sean Simple
|
0-0: Foul Ball, location: 25F 0-1: Ball 1-1: Ball 2-1: Ball 3-1: Foul Ball, location: 2F 3-2: Fly out, F6 (Flyball, 6MD, EV 92.5 MPH)
|
|
Batting: RHB Jesus Aguilar
|
0-0: Swinging Strike 0-1: Ball 1-1: Ball 2-1: Ball 3-1: Swinging Strike 3-2: Strikes out swinging
|
| Top of the 9th over - 0 runs, 0 hits, 0 errors, 0 left on base; Houston 5 - Los Angeles 7 |
|